AoeStats
← 雫畑躾

Arabia

510339141Analyzed
1v1 RM · 13h ago on Sep 30, 2026· 39m 46s· 2 players
Game mode
Random Map
Map size
Tiny (2 player)
Population
200
Speed
Normal
Resources
Standard
Victory
Conquest
Starting age
Dark Age
Ending age
Imperial Age
RankedLock teamsTeams togetherTeam positionsShared explorationLock speedFull tech treeHidden civsTurbo modeCheats
Victory
Defeat
🇹🇼 Romans · Taiwan
1177
+17
🇺🇸 Burgundians · United States
1203
-17
雫畑躾
9:46 Feudal Age
10:25 Loom
10:33 Double-Bit Axe
10:58 Man-at-Arms
15:31 Scale Mail Armor
17:09 Horse Collar
18:51 Forging
23:10 Castle Age
21:22 Fletching
24:00 Squires
24:17 Chain Mail Armor
23:25 Long Swordsman
23:28 Pikeman
24:50 Bow Saw
27:14 Iron Casting
28:22 Wheelbarrow
33:29 Gold Mining
33:32 Stone Mining
37:44 Imperial Age
35:54 Ballistics
36:39 Bodkin Arrow
37:31 Gold Shaft Mining
37:51 Heavy Scorpion
40:52 Chemistry
Neat Tip
3:41 Double-Bit Axe
7:53 Loom
10:34 Feudal Age
8:52 Horse Collar
12:33 Bow Saw
19:38 Wheelbarrow
20:38 Heavy Plow
24:07 Castle Age
22:14 Gold Mining
22:35 Fletching
23:51 Padded Archer Armor
26:04 Bodkin Arrow
26:24 Husbandry
27:38 Two-Man Saw
26:56 Hand Cart
30:05 Ballistics
35:31 Redemption
Connection lost

Rejoining the realm…

Still unreachable

The connection could not be restored.

Session expired

The server has moved on; the page needs a fresh start.